 Dungeon Crawl Stone Soup version 0.29-a0-330-g52719c12eb (webtiles) character file.

Game seed: 13405186010011033437

63 sammy202020 the Skirmisher (level 3, -2/29 HPs)
             Began as a Demonspawn Berserker on Apr 12, 2022.
             Was a Believer of Trog.
             Slain by a kobold brigand
             ... wielding a +0 dagger
              (3 damage)
             ... on level 3 of the Dungeon.
             The game lasted 00:03:06 (2832 turns).

sammy202020 the Skirmisher (Demonspawn Berserker)   Turns: 2832, Time: 00:03:06

Health: -2/29      AC:  5    Str: 17    XL:     3   Next: 89%
Magic:  3/3        EV:  7    Int: 10    God:    Trog [**....]
Gold:   180        SH: 11    Dex: 12    Spells: 2/2 levels left

rFire   . . .      SeeInvis .   a - +0 hand axe
rCold   . . .      Faith    .   f - +1 tower shield {AC+3}
rNeg    . . .      Spirit   .   b - +0 animal skin
rPois   .          Reflect  .   (no helmet)
rElec   .          Harm     .   (no cloak)
rCorr   .          Rampage  .   (no gloves)
Will    .....                   (no boots)
Stlth   +.........              (no amulet)
HPRegen 0.09/turn               (no ring)
MPRegen 0.08/turn               (no ring)

@: no status effects
A: demonic guardian 1, sturdy frame 1
a: Renounce Religion, Berserk, Trog's Hand


You were on level 3 of the Dungeon.
You worshipped Trog.
Trog was pleased with you.
You visited 1 branch of the dungeon, and saw 3 of its levels.

You collected 180 gold pieces.

Inventory:

Hand Weapons
 a - a +0 hand axe (weapon)
Armour
 b - a +0 animal skin (worn)
 f - a +1 tower shield of protection (worn)
Jewellery
 l - a ring of resist corrosion
 n - a ring of fire
Scrolls
 d - a scroll of magic mapping
 e - a scroll of brand weapon
 j - a scroll of identify
 k - a scroll of summoning {unknown}
Potions
 c - a potion of heal wounds
 g - a potion of ambrosia
 h - 2 potions of attraction {unknown}
 i - a potion of might


   Skills:
 * Level 3.6 Fighting
 * Level 3.3 Axes
 + Level 2.2 Armour
 - Level 2.0 Dodging
 + Level 0.7 Shields


You had 2 spell levels left.
You didn't know any spells.
Your spell library was empty.

Dungeon Overview and Level Annotations

Branches:
Dungeon (3/15)

Altars:


Innate Abilities, Weirdness & Mutations

A weak demonic guardian rushes to your aid.
Your movements are slightly less encumbered by armour. (ER -2)


Message History

You are too injured to fight recklessly!
You are too injured to fight recklessly!
You are too injured to fight recklessly!
You are too injured to fight recklessly!
You are too injured to fight recklessly!
You are too injured to fight recklessly!
You are too injured to fight recklessly!
Unknown command.
You hit the kobold brigand.
The kobold brigand is heavily wounded.
The kobold brigand hits you but does no damage.
You hit the kobold brigand.
The kobold brigand is severely wounded.
The kobold brigand hits you but does no damage.
You block the kobold brigand's attack.
You swap places.
The kobold brigand attacks as you move away!
The kobold brigand hits you with a +0 dagger.
* * * LOW HITPOINT WARNING * * *
The kobold brigand hits your shadow imp with a +0 dagger.
Your shadow imp barely misses the kobold brigand.
The kobold brigand hits your shadow imp with a +0 dagger.
Your shadow imp hits the kobold brigand.
A kobold brigand is nearby!
The kobold brigand hits your shadow imp with a +0 dagger.
Your shadow imp dies!
Your shadow imp disappears in a puff of smoke!
The kobold brigand hits you with a +0 dagger.
* * * LOW HITPOINT WARNING * * *
You fail to use your ability.
The kobold brigand hits you with a +0 dagger.
* * * LOW HITPOINT WARNING * * *
You hit the kobold brigand.
The kobold brigand is almost dead.
You block the kobold brigand's attack.
You miss the kobold brigand.
The kobold brigand is almost dead.
You block the kobold brigand's attack.
The kobold brigand hits you with a +0 dagger.
You die...

....#.# #.# #.#
#.#.# ......#
#.#
###.#####.#.##
......# #.#
#............#
......# #.#
#########.####
.....># #.#
#.....# ....#.#
#.########.#####
....#.#
#........#.#
#####.#
########.#.# #.#
#@#.# #.# #K#.#
#.# #.#.# #.#
#.#.# #.# #.#.#
#.# #.#.#
#.####### #.#.#
#........ ..#.#
#.############.#


You could see a kobold brigand.

Vanquished Creatures
  2 adders (D:2)
  A worm (D:2)
  4 endoplasms
  2 giant cockroaches
  2 goblins
  10 hobgoblins
  6 ball pythons
  6 bats
  2 frilled lizards (D:2)
  4 kobolds
  A rat (D:1)
40 creatures vanquished.

Notes
Turn   | Place    | Note
-------+----------+-------------------------------------------
     0 | D:1      | sammy202020 the Demonspawn Berserker began the quest for
                  | the Orb.
     0 | D:1      | Reached XP level 1. HP: 18/18 MP: 1/1
   479 | D:1      | Gained mutation: Your movements are slightly less
                  | encumbered by armour. (ER -2) [demonic ancestry]
   479 | D:1      | Reached XP level 2. HP: 24/24 MP: 2/2
  1516 | D:2      | Reached ** piety under Trog
  1517 | D:2      | Gained mutation: A weak demonic guardian rushes to your
                  | aid. [demonic ancestry]
  1517 | D:2      | Reached XP level 3. HP: 24/29 MP: 3/3
  2812 | D:3      | Noticed a kobold brigand
  2830 | D:3      | HP: 1/29 [kobold brigand/+0 dagger (5)]
  2832 | D:3      | Slain by a kobold brigand

Illustrated notes

Levels and vault maps discovered:
D:1:      beargit_arrival_diablo_church, layout_basic
D:2:      layout_loops_ring
D:3:      layout_basic, uniq_sigmund

Skill      XL: |  1  2 |
---------------+-------+-----
Armour         | 2 |  2.2
Dodging        | 2 |  2.0
Axes           | 3 |  3.3
Fighting       | |  3.6
Shields        | |  0.7

Action                   || total
-------------------------++-------
Melee: Hand axe          ||   149
  Use: Scroll            ||     9
 Stab: Sleeping          ||     3
Armor: Animal skin       ||    55
Dodge: Dodged            ||    62
Block: Tower shield      ||    62

Table legend: (Time is in decaauts)
 A = Elapsed time spent in this place.
 B = Non-inter-level travel time spent in this place.
 C = Inter-level travel time spent in this place.
 D = Time resting spent in this place.
 E = Time spent auto-exploring this place.
 F = Levels seen in this place.
 G = Mean time per level.
                   A        B        C        D        E       F      G
               +--------+--------+--------+--------+--------+-----+--------+
         Total |   2899 |   2781 |    118 |      0 |   2353 |   3 |  966.3 |
       Dungeon |   2899 |   2781 |    118 |      0 |   2353 |   3 |  966.3 |
               +--------+--------+--------+--------+--------+-----+--------+

Top non-repeatable levels by time:
     D:1: 1381 daAuts
     D:2: 953 daAuts
     D:3: 565 daAuts
